AoeStats
← 沒起房子我日

Nomad

510299157Analyzed
4v4 RM · 16h ago on Sep 30, 2026· 49m 56s· 8 players
Game mode
Random Map
Map size
231×231
Population
200
Speed
Normal
Resources
Standard
Victory
Conquest
Starting age
Dark Age
Ending age
Imperial Age
RankedLock teamsTeams togetherTeam positionsShared explorationLock speedFull tech treeHidden civsTurbo modeCheats
Victory
Defeat
🇨🇦 Britons · Canada
1544
+13
🇹🇷 Huns · Türkiye
1542
+13
🇹🇼 Varangians · Taiwan
1489
+15
🇨🇳 Persians · China
1481
+15
🇨🇳 Spanish · China
1637
-20
🇨🇳 Maya · China
1553
-17
🇨🇳 Byzantines · China
1369
-10
🇨🇳 Koreans · China
1333
-9
小白妈妈
4:25 Loom
13:58 Feudal Age
14:30 Town Watch
17:45 Castle Age
16:26 Double-Bit Axe
17:51 Fletching
19:28 Crossbowman
21:32 Bodkin Arrow
25:06 Wheelbarrow
31:05 Hand Cart
32:45 Padded Archer Armor
34:03 Fishing Lines
38:24 Imperial Age
36:19 Gold Mining
36:21 Horse Collar
39:03 Ballistics
39:06 Bracer
40:08 Chemistry
39:06 Arbalester
41:10 Leather Archer Armor
41:26 Thumb Ring
42:46 Ring Archer Armor
43:21 Stone Mining
44:21 Fortified Wall
44:13 Murder Holes
44:26 Pikeman
45:04 Halberdier
46:13 Squires
C15-kyosokyoku
5:25 Loom
13:52 Feudal Age
17:28 Castle Age
16:15 Double-Bit Axe
17:43 Fishing Lines
18:42 Bow Saw
19:19 Medium Warships
21:00 Padded Archer Armor
23:43 Leather Archer Armor
32:27 Horse Collar
39:39 Heavy Plow
41:32 Wheelbarrow
44:39 Imperial Age
43:15 Gold Mining
43:18 Stone Mining
43:47 Bloodlines
43:38 Husbandry
43:32 Fletching
44:55 Husbandry
46:08 Ring Archer Armor
45:51 Bodkin Arrow
路边的野人
3:17 Loom
12:05 Feudal Age
16:06 Fletching
24:43 Castle Age
28:23 Bodkin Arrow
36:55 Double-Bit Axe
名奈奈奈
4:46 Loom
14:09 Feudal Age
17:07 Double-Bit Axe
23:11 Castle Age
22:55 Gold Mining
23:23 Fishing Lines
24:24 Medium Warships
24:22 Gillnets
29:51 Imperial Age
28:18 Gold Shaft Mining
28:36 Padded Archer Armor
28:08 Elite Skirmisher
29:46 Leather Archer Armor
30:10 Sanctity
30:10 Treadmill Crane
31:35 Chemistry
31:09 Ring Archer Armor
30:49 Fletching
32:36 Wheelbarrow
33:26 Ballistics
35:38 Bodkin Arrow
39:21 Hand Cart
44:01 Capped Ram
46:30 Pikeman
47:11 Squires
47:57 Halberdier
championqc82
4:24 Loom
14:03 Feudal Age
19:18 Castle Age
17:41 Double-Bit Axe
18:05 Stone Mining
18:44 Gold Mining
19:58 Fletching
20:45 Wheelbarrow
20:59 Padded Archer Armor
22:06 Gold Shaft Mining
30:10 Bow Saw
30:41 Bodkin Arrow
32:06 Leather Archer Armor
33:14 Hand Cart
32:45 Horse Collar
34:26 Ballistics
34:37 Town Watch
35:31 Scale Barding Armor
36:08 Forging
37:12 Chain Barding Armor
38:05 Iron Casting
43:03 Imperial Age
41:22 Heavy Plow
42:45 Town Patrol
43:54 Bracer
44:21 Yeomen
45:23 Two-Man Saw
45:46 Chemistry
45:17 Ring Archer Armor
44:32 Elite Longbowman
49:11 Conscription
50:24 Warwolf
沒起房子我日
5:05 Loom
14:07 Feudal Age
18:10 Castle Age
16:22 Double-Bit Axe
18:28 Town Watch
19:02 Bow Saw
31:39 Horse Collar
33:39 Scale Barding Armor
33:44 Gold Mining
39:53 Fletching
45:18 Wheelbarrow
CTWD
6:58 Loom
14:22 Feudal Age
15:26 Double-Bit Axe
18:16 Castle Age
16:29 Scale Barding Armor
16:35 Gold Mining
19:01 Bow Saw
21:33 Horse Collar
27:29 Heavy Plow
29:07 Stone Mining
32:52 Fletching
32:49 Town Watch
33:40 Wheelbarrow
37:44 Imperial Age
36:17 Bloodlines
36:29 Chain Barding Armor
36:30 Husbandry
37:42 Forging
38:37 Plate Barding Armor
37:26 Cavalier
39:31 Two-Man Saw
39:08 Gold Shaft Mining
39:09 Stone Shaft Mining
38:50 Forging
40:05 Savar
41:22 Iron Casting
42:35 Conscription
43:18 Blast Furnace
48:27 Onager
vela
4:38 Loom
13:06 Feudal Age
17:02 Castle Age
15:19 Double-Bit Axe
15:43 Fletching
16:17 Padded Archer Armor
18:06 Bodkin Arrow
18:22 Bow Saw
26:08 Leather Archer Armor
36:17 Wheelbarrow
38:09 Hand Cart
39:03 Scale Barding Armor
39:09 Forging
39:30 Marauders
42:22 Imperial Age
41:00 Chain Barding Armor
41:08 Bloodlines
40:58 Husbandry
41:07 Husbandry
41:43 Iron Casting
41:14 Horse Collar
41:25 Gold Mining
41:26 Stone Mining
42:15 Heavy Plow
41:57 Light Cavalry
42:34 Elite Tarkan
44:15 Plate Barding Armor
44:42 Conscription
46:25 Blast Furnace
46:32 Two-Man Saw
Connection lost

Rejoining the realm…

Still unreachable

The connection could not be restored.

Session expired

The server has moved on; the page needs a fresh start.